 Dungeon Crawl Stone Soup version 0.29.1-15-g9cfb28693d (webtiles) character file.

Game seed: 2826514909298088799

2899 Gabide the Grappler (level 9, -1/60 HPs)
             Began as a Vampire Fighter on Apr 27, 2023.
             Was a Follower of Ru.
             Slain by an ice beast (5 damage)
             ... on level 7 of the Dungeon.
             The game lasted 00:17:29 (12701 turns).

Gabide the Grappler (Vampire Fighter)              Turns: 12701, Time: 00:17:30

Health: -1/60      AC: -12   Str: 19    XL:     9   Next: 49%
Magic:  9/9        EV: 21    Int: 11    God:    Ru [*.....]
Gold:   285        SH:  5    Dex: 18    Spells: 8/8 levels left

rFire   . . .      SeeInvis +     - Unarmed
rCold   + + .      Faith    .   (shield currently unavailable)
rNeg    + + +      Spirit   .   (body armour currently unavailable)
rPois   ∞          Reflect  +   (helmet currently unavailable)
rElec   .          Harm     .   (cloak currently unavailable)
rCorr   .          Rampage  .   (gloves currently unavailable)
Will    .....                   (boots currently unavailable)
Stlth   ++++......              q - amulet of reflection
HPRegen 0.00/turn               (ring currently unavailable)
MPRegen 0.11/turn               (ring currently unavailable)

@: bat-form, corroded, flying, bloodless, inhibited regen, very quick
A: fast, flying, no casting, tiny, bloodless, fangs 3, see invisible, inability
to train armour, vampiric 2
a: Revivify, End Transformation, Renounce Religion


You were on level 7 of the Dungeon.
You worshipped Ru.
Ru was aware of your devotion.
You were a vampire bat.
You visited 2 branches of the dungeon, and saw 8 of its levels.

You collected 285 gold pieces.

Inventory:

Missiles
 z - 2 throwing nets (quivered)
Armour
 a - a +1 scale mail (melded)
 b - a +0 buckler (melded)
 m - a +0 cloak (melded)
Jewellery
 i - a ring of protection from fire (melded)
 k - a ring of protection from cold
 n - a +4 ring of evasion
 q - an amulet of reflection (around neck)
Wands
 j - a wand of paralysis (8)
Scrolls
 l - 2 scrolls of magic mapping
 r - a scroll of blinking
 s - 2 scrolls of identify
 x - 2 scrolls of torment {unknown}
 y - 2 scrolls of teleportation
 A - a scroll of poison {unknown}
Potions
 c - 4 potions of might
 d - 4 potions of magic
 e - a potion of invisibility
 f - 4 potions of brilliance {unknown}
 g - 4 potions of curing
 h - a potion of lignification {unknown}
 p - a potion of cancellation {unknown}
 t - 3 potions of heal wounds
 u - 3 potions of degeneration {unknown}
 v - 3 potions of attraction {unknown}
 w - a potion of mutation {unknown}


   Skills:
 * Level 8.9 Fighting
 + Level 4.3 Dodging
 - Level 3.0 Shields
 * Level 9.5 Unarmed Combat


You had 8 spell levels left.
You didn't know any spells.
Your spell library contained the following spells:

 Spells                   Type           Power      Damage    Failure   Level
 Blink                    Tloc           0%         N/A       47%         2
 Poisonous Vapours        Pois/Air       0%         N/A       47%         2
 Sublimation of Blood     Necr           0%         N/A       47%         2
 Wereblood                Tmut           0%         N/A       47%         2
 Lesser Beckoning         Tloc           0%         N/A       71%         3
 Animate Dead             Necr           0%         N/A       98%         4
 Corpse Rot               Necr/Pois/Air  0%         N/A       98%         4
 Manifold Assault         Tloc           0%         N/A       100%        5
 Haunt                    Necr/Summ      0%         N/A       100%        7
 Summon Hydra             Summ           0%         N/A       100%        7
 Infestation              Necr           0%         N/A       100%        8


Dungeon Overview and Level Annotations

Branches:
Dungeon (7/15)             Temple (1/1) D:5

Altars:
Ashenzari
Cheibriados
Dithmenos
Fedhas
Gozag
Hepliaklqana
Kikubaaqudgha
Makhleb
Nemelex Xobeh
Okawaru
Qazlal
Ru
Sif Muna
Trog
Uskayaw
Vehumet
Xom
Yredelemnul

Shops:
D:4 =   D:6 *


Innate Abilities, Weirdness & Mutations

You are a vampire bat.
You are tiny and dextrous.
You move quickly.
You are flying.
You are immune to poison.
Your equipment is almost entirely melded.
You are incapable of wielding weapons or throwing items.
You cannot cast spells.
You do not regenerate when monsters are visible.
You are frail without blood (-20% HP).
You can heal yourself when you bite living creatures.
You are immune to poison.
You have razor-sharp teeth.
You have supernaturally acute eyesight. (SInv)
You cannot train Armour skill.
You are afflicted with vampirism and can become a bat while bloodless.


Message History

The iguana barely misses you. The orc wizard barely misses you.
You hit the iguana but do no damage.
The iguana is almost dead.
The iguana is stunned by your conviction and fails to attack.
The orc wizard hits you with a +0 dagger.
You barely miss the iguana. You bite the iguana, but do no damage.
The iguana is almost dead.
The iguana bites you!
The orc wizard gestures at you while chanting.
You easily resist.
You are too injured to fight recklessly!
You are too injured to fight recklessly!
You are too injured to fight recklessly!
You are too injured to fight recklessly!
You are too injured to fight recklessly!
You are too injured to fight recklessly!
You are too injured to fight recklessly!
You are too injured to fight recklessly!
You are too injured to fight recklessly!
You are too injured to fight recklessly!
You are too injured to fight recklessly!
You are too injured to fight recklessly!
You are too injured to fight recklessly!
You are too injured to fight recklessly!
You are too injured to fight recklessly!
You are too injured to fight recklessly!
You are too injured to fight recklessly!
You bite the iguana!
You kill the iguana!
You hit the orc wizard but do no damage.
The orc wizard gestures at you while chanting.
You easily resist.
You hit the orc wizard but do no damage.
The ice beast hits you. The ice beast freezes you. You resist.
* * * LOW HITPOINT WARNING * * *
The orc wizard casts a spell at you. The puff of flame hits you!
* * * LOW HITPOINT WARNING * * *
The ice beast hits you.
You die...

.....########.#..........
####........#.#...).......
#.######.#.#.#.#..#####
#.# #.#.#.#..# #.# #
#.#.#.#..# .#.
.##.#.....#..# # #
#.............#
###.......###.# #..#..Yb#
#..##.#.# ## #.. #.#o# .#
.. #..o. .# ## #...## .#
#...# .# #...# )## #...#
..# .....


You could see an ice beast, an orc wizard and an orc.

Vanquished Creatures
  The ghost of rlgrobin the Grave Robber, a novice DENe (D:4)
  2 steam dragons (D:7)
  3 water moccasins
  3 sky beasts
  An ogre (D:5)
  A phantom (D:5)
  A gnoll sergeant (D:6)
  A bullfrog (D:7)
  3 scorpions
  4 wights (D:6)
  A killer bee (D:7)
  A howler monkey (D:6)
  3 hounds
  3 jellies
  5 orc priests
  Jessica (D:3)
  A gnoll bouda (D:6)
  6 iguanas
  9 orc wizards
  15 gnolls
  4 adders
  A white imp (D:6)
  An ufetubus (D:6)
  3 worms
  5 dart slugs
  26 orcs
  10 ball pythons
  6 endoplasms
  12 giant cockroaches
  6 goblins
  6 hobgoblins
  4 jackals (D:2)
  A quokka (D:2)
  5 bats
  A frilled lizard (D:1)
  9 kobolds
  7 rats
172 creatures vanquished.

Vanquished Creatures (others)
  An orc wizard (D:5)
1 creature vanquished.

Grand Total: 173 creatures vanquished

Notes
Turn   | Place    | Note
-------+----------+-------------------------------------------
     0 | D:1      | Gabide the Vampire Fighter began the quest for the Orb.
     0 | D:1      | Reached XP level 1. HP: 17/17 MP: 1/1
   147 | D:1      | Reached XP level 2. HP: 24/24 MP: 2/2
   267 | D:1      | You fall into a shaft and drop 1 floor!
   527 | D:1      | Reached skill level 3 in Unarmed Combat
   854 | D:2      | Gained mutation: You are afflicted with vampirism and can
                  | become a bat while bloodless. [Vampire growth]
   854 | D:2      | Reached XP level 3. HP: 20/29 MP: 3/3
  1555 | D:2      | Found a faded altar of an unknown god.
  1894 | D:2      | Found a blossoming altar of Fedhas.
  2393 | D:2      | Reached XP level 4. HP: 24/28 MP: 4/4
  2801 | D:3      | Noticed Jessica
  3486 | D:3      | Killed Jessica
  3487 | D:3      | Reached skill level 4 in Unarmed Combat
  3928 | D:3      | Found a shadowy altar of Dithmenos.
  4373 | D:4      | Found Yzxuic Mym's Jewellery Emporium.
  4402 | D:4      | Reached XP level 5. HP: 19/33 MP: 5/5
  5610 | D:4      | Reached skill level 5 in Unarmed Combat
  5898 | D:4      | Found a runed translucent door.
  5899 | D:4      | Noticed rlgrobin's ghost (novice DENe)
  5919 | D:4      | Killed rlgrobin's ghost
  5920 | D:4      | Reached skill level 5 in Fighting
  5920 | D:4      | Reached XP level 6. HP: 19/40 MP: 6/6
  6196 | D:5      | Entered Level 5 of the Dungeon
  6233 | D:5      | Reached skill level 6 in Unarmed Combat
  6305 | D:5      | Reached XP level 7. HP: 25/44 MP: 7/7
  6756 | D:5      | Found a staircase to the Ecumenical Temple.
  6772 | Temple   | Entered the Ecumenical Temple
  6786 | Temple   | Became a worshipper of Ru the Awakened
  7508 | D:5      | Reached skill level 7 in Unarmed Combat
  8249 | D:5      | Reached XP level 8. HP: 30/53 MP: 8/8
  9336 | D:6      | Reached skill level 1 in Dodging
  9753 | D:6      | Found Eneitobb's Gadget Gallery.
  9786 | D:6      | Gained mutation: You cannot train Armour skill. [Ru
                  | sacrifice]
  9786 | D:6      | Reached * piety under Ru
  9871 | D:6      | Reached skill level 8 in Unarmed Combat
 11116 | D:6      | Reached XP level 9. HP: 52/59 MP: 9/9
 12222 | D:7      | Reached skill level 9 in Unarmed Combat
 12701 | D:7      | Slain by an ice beast

Illustrated notes

Levels and vault maps discovered:
D:1:      dpeg_arrival_arbitrary_b, layout_basic, minmay_misc_feat_chi
D:2:      minmay_roachtagon, layout_basic, ebering_ecumenical_altar_box,
          basic_altar
D:3:      layout_rooms, mainiacjoe_overflow_24_doors, dreamdust_wishing_well,
          uniq_jessica
D:4:      layout_loops_ring, serial_shops, nicolae_shop_waterfront,
          gammafunk_ghost_grave
D:5:      layout_loops_ring, minmay_temple_entry_statues_pillars
D:6:      layout_basic, nicolae_shop_gadgets
D:7:      layout_loops_ring, mainiacjoe_overflow_swirl, grunt_tough_drop
Temple:   nicolae_temple_bog_church

Skill      XL: |  1  2  3  4  5  6  7  8  9 |
---------------+----------------------------+-----
Fighting       | 3 4 5 7 8 |  8.9
Unarmed Combat | 3 4 5 6 7 8 9 |  9.5
Shields        | 3 |  3.0
Dodging        | 3 4 |  4.3
Armour         | 0 |  0.0

Action                   |  1- 3 |  4- 6 |  7- 9 || total
-------------------------+-------+-------+-------++-------
Melee: Unarmed           |   208 |   163 |   426 ||   797
       Bite              |    26 |    23 |    66 ||   115
Invok: Sacrifice Durabil |       |       |     1 ||     1
 Abil: Bat Form          |     1 |       |       ||     1
       Exsanguinate      |     1 |       |       ||     1
Evoke: Wand              |       |       |     6 ||     6
  Use: Scroll            |       |     8 |     3 ||    11
       Potion            |       |       |     1 ||     1
 Stab: Sleeping          |     6 |     9 |     8 ||    23
       Distracted        |       |       |     3 ||     3
       Paralysed         |       |       |     3 ||     3
Armor: Scale mail        |    40 |       |       ||    40
Dodge: Dodged            |   136 |    93 |   238 ||   467
Block: Buckler           |    21 |       |       ||    21
       Other             |       |       |    62 ||    62
